 Dungeon Crawl Stone Soup version 0.29.0-4-gdea44cf6ec (webtiles) character file.

Game seed: 296263808255611363

9 qw the Sneak (level 2, -2/19 HPs)
             Began as a Gargoyle Delver on Sept 10, 2022.
             Killed from afar by a dart slug (4 damage)
             ... with a slug dart
             ... on level 5 of the Dungeon.
             The game lasted 00:00:02 (47 turns).

qw the Sneak (Gargoyle Delver)                        Turns: 47, Time: 00:00:03

Health: -2/19      AC:  5    Str: 15    XL:     2   Next: 12%
Magic:  2/2        EV: 11    Int: 10    God:
Gold:   0          SH:  0    Dex: 11    Spells: 1/1 levels left

rFire   . . .      SeeInvis .   a - +0 hand axe
rCold   . . .      Faith    .   (no shield)
rNeg    + . .      Spirit   .   b - +0 leather armour
rPois   inf        Reflect  .   (no helmet)
rElec   +          Harm     .   (no cloak)
rCorr   .          Rampage  .   (no gloves)
Will    .....                   (no boots)
Stlth   +++.......              (no amulet)
HPRegen 0.06/turn               (no ring)
MPRegen 0.08/turn               (no ring)

@: marked
A: sickness immunity, AC +2, negative energy resistance 1, electricity
resistance, torment resistance 1, petrification resistance
a: no special abilities


You were on level 5 of the Dungeon.
You visited 1 branch of the dungeon, and saw 1 of its levels.


Innate Abilities, Weirdness & Mutations

You are immune to sickness and miasma.
Your stone body is resilient. (AC +2)
You are immune to poison.
You resist negative energy. (rN+)
You are resistant to electric shocks. (rElec)
You are resistant to unholy torment.
You are immune to petrification.


   Skills:
 - Level 3.2 Fighting
 + Level 2.5 Axes
 - Level 1.5 Dodging
 - Level 5.4 Stealth


You had one spell level left.
You didn't know any spells.
Your spell library was empty.

Inventory:

Hand Weapons
 a - a +0 hand axe (weapon)
Armour
 b - a +0 leather armour (worn)
Wands
 g - a wand of digging (3)
Scrolls
 c - a scroll of fog
 d - a scroll of magic mapping
 e - a scroll of fear
Potions
 f - a potion of haste

Dungeon Overview and Level Annotations

Branches:
Dungeon (5/15)
 Temple: D:4-7

Altars:


Message History

The howler monkey is moderately wounded.
The howler monkey misses you.
You barely miss the howler monkey.
The howler monkey is moderately wounded.
The howler monkey closely misses you. x2
You hit the howler monkey.
The howler monkey is heavily wounded.
You hit the ogre but do no damage.
The howler monkey hoots and howls with incredible vigour!
The ogre hits you with a +0 giant club.
You hear an angry growl.
You hear a shout! x3
You barely miss the howler monkey.
The howler monkey is heavily wounded.
You hit the ogre. The howler monkey closely misses you.
A black bear comes into view.
The ogre barely misses you.
The howler monkey hoots and howls with incredible vigour!
You barely miss the howler monkey.
The howler monkey is heavily wounded.
You completely miss the ogre.
A dart slug comes into view.
The howler monkey closely misses you.
You hit the howler monkey.
The howler monkey is severely wounded.
You hit the ogre but do no damage. The howler monkey barely misses you.
The ogre closely misses you.
The dart slug sets off the alarm!
The alarm trap emits a blaring wail!
A sentinel's mark forms upon you. The howler monkey barely misses you.
You hear a bark!
You hear an angry hiss.
You hit the howler monkey.
You kill the howler monkey!
You hit the ogre but do no damage.
You hit the black bear but do no damage.
The ogre hits you with a +0 giant club. The dart slug launches a dart at you.
The slug dart hits you.
You die...

#.###.#.# #.
.<.#.#.######### #.
.#...#.......... ###.
#......#.........
...##.#.#..#.########
#####..#.#.#..#.#######
....)....#....>........
.......h#####.#########
......O@............[
...)....#####.#######
........# #.# ........#
#.# ........# #.#
......... ..# .w......#
### (........


You could see a black bear, an ogre and a dart slug.

Vanquished Creatures
  A howler monkey (D:5)
  An adder (D:5)
2 creatures vanquished.

Notes
Turn   | Place    | Note
-------+----------+-------------------------------------------
     0 | D:5      | qw the Gargoyle Delver began the quest for the Orb.
     0 | D:5      | Reached XP level 1. HP: 14/14 MP: 1/1
     0 | D:5      | 0 ||| qw: Version: 0.1-a-116-g5d60599
     0 | D:5      | 0 ||| qw: Game counter: 8353
     0 | D:5      | 0 ||| qw: Always use a shield: true
     0 | D:5      | 0 ||| qw: God list: Okawaru
     0 | D:5      | 0 ||| qw: Allow faded altars: false
     0 | D:5      | 0 ||| qw: Do Orc after D:15 true
     0 | D:5      | 0 ||| qw: Do second Lair branch before Depths: true
     0 | D:5      | 0 ||| qw: Lair rune preference: random
     0 | D:5      | 0 ||| qw: Plans: Normal
     0 | D:5      | 0 ||| PLANNING D:1-11
     8 | D:5      | 8 ||| Stepping ~*~*~tactically~*~*~ (stealth).
     9 | D:5      | 9 ||| Stepping ~*~*~tactically~*~*~ (stealth).
    12 | D:5      | 12 ||| Stepping ~*~*~tactically~*~*~ (stealth).
    28 | D:5      | Noticed a howler monkey
    37 | D:5      | Noticed an ogre
    40 | D:5      | Reached XP level 2. HP: 13/19 MP: 2/2
    44 | D:5      | Noticed a black bear
    47 | D:5      | Killed a howler monkey
    47 | D:5      | HP: 2/19 [ogre/+0 giant club (4)]
    47 | D:5      | Killed from afar by a dart slug

Levels and vault maps discovered:
D:5:      layout_basic, nicolae_elyvilon_peaceful_grove,
          ebering_ghost_disaster_area, wad_floor_pattern_1

Skill      XL: |  1 |
---------------+----+-----
Axes           | 2 |  2.5
Fighting       | |  3.2
Dodging        | |  1.5
Stealth        | |  5.4

Action                   || total
-------------------------++-------
Melee: Hand axe          ||    16
       Punch             ||     1
Armor: Leather armour    ||     4
Dodge: Dodged            ||    19

Table legend:
 A = Non-vault XP
 B = Vault XP
 C = Vault XP percentage of total XP
 D = Non-vault monster count
 E = Vault monster count
 F = Vault count percentage of total count
                 A         B        C        D         E       F
            +---------+---------+-------+---------+---------+-------
      Total |      68 |       0 |   0.0 |       2 |       0 |   0.0
            +---------+---------+-------+---------+---------+-------
        D:5 |      68 |       0 |   0.0 |       2 |       0 |   0.0
            +---------+---------+-------+---------+---------+-------
